[Event "*** Titled Tuesday Blitz"]
[Site "Chess.com"]
[Date "2020.10.27"]
[Round "7"]
[White "juancruzarias"]
[Black "ENajer77"]
[Result "0-1"]
[WhiteElo "2524"]
[BlackElo "2691"]
[TimeControl "180+1"]
[EndTime "11:19:27 PDT"]
[Termination "ENajer77 won by resignation"]

1. e4 c6 2. Nc3 d5 3. Nf3 Bg4 4. h3 Bxf3 5. Qxf3 Nf6 6. d3 e6 7. g3 Bb4 8. Bd2 d4 9. Nb1 Qb6 10. Bg2 Bxd2+ 11. Nxd2 Qxb2 12. O-O O-O 13. Nc4 Qb4 14.
Rab1 Qe7 15. e5 Nd5 16. Qg4 Nc3 17. Rb3 Na6 18. Re1 Nc5 19. Rb2 Nb5 20. h4 Rad8 21.
h5 h6 22. f4 Nc3 23. Nd6 Rxd6 24. exd6 Qxd6 25. Qf3 Nd5 26. Bh3 Ne3 27. Kh2 b5 28. Qf2 a5 29. Rxe3 dxe3 30. Qxe3 b4 31. Rb1 Na4 32.
Rb3 Nc3 33. a3 c5 34. Bg2 a4 35. Rxc3 bxc3 36. Qe1 Qd4 37. Qb1 e5 38. f5 Qf2 39. g4 c4 40. dxc4 e4 41. f6 Qxf6 42. Bxe4 Qf4+ 0-1

[Event "*** Titled Tuesday Blitz"]
[Site "Chess.com"]
[Date "2020.10.27"]
[Round "7"]
[White "paulrusan"]
[Black "WPWPWP-2015"]
[Result "0-1"]
[WhiteElo "2232"]
[BlackElo "2480"]
[TimeControl "180+1"]
[EndTime "11:19:27 PDT"]
[Termination "WPWPWP-2015 won on time"]

1. e4 c5 2. b4 Nc6 3. bxc5 e5 4. Nf3 Bxc5 5. Bc4 Nf6 6. d3 O-O 7. O-O d5 8. exd5 Nxd5 9. h3 h6 10. Re1 Re8 11. c3 a6 12. d4 Nb6 13. Bxf7+ Kxf7 14. dxc5 Qxd1 15. Rxd1 Nc4 16. Nbd2 Rd8 17. Re1 Nxd2 18. Bxd2 Be6 19. Rab1 Rd7 20. a4 Re8 21. Be3 Bd5 22. Nd2 Na5 23. f3 Nc4 24. Nxc4 Bxc4 25.
Rb6 Bd5 26. c4 Bc6 27. a5 e4 28. fxe4 Rxe4 29. Bf2 Rxe1+ 30. Bxe1 Rd4 31. Bg3 Rd2 32. Bf2 Rd1+ 33. Kh2 Rd2 34. Kg3 Rd3+ 35. Kh2 Rc3 36. Rb4 Rc2 37. Kg3 g5 38. Rb3 h5 39. Rf3+ Bxf3 40.
Kxf3 Rxc4 41. Be3 Kf6 42. g4 h4 43. Ke2 Ra4 44. Kd3 Rxa5 45. Ke4 Ra3 46. Bd4+ Ke6 47. Be3 Rb3 0-1

[Event "*** Titled Tuesday Blitz"]
[Site "Chess.com"]
[Date "2020.10.27"]
[Round "7"]
[White "HanSchut"]
[Black "Andrii_Prydun"]
[Result "0-1"]
[WhiteElo "2217"]
[BlackElo "2379"]
[TimeControl "180+1"]
[EndTime "11:19:27 PDT"]
[Termination "Andrii_Prydun won by resignation"]

1. e4 d5 2. exd5 Qxd5 3. Nc3 Qd6 4. d4 Nf6 5. Nf3 c6 6. h3 Bf5 7. Bc4 e6 8. Qe2 Be7 9. g4 Bg6 10. Ne5 Nd5 11. h4 Nb4 12. Bb3 Qxd4 13. Nxg6 hxg6 14.
Be3 Qe5 15. f4 Qa5 16. O-O-O Nd7 17. f5 gxf5 18. gxf5 Qxf5 19. a3 Nd5 20. Bd4 N7f6 21. Rhf1 Qh5 22. Bxd5 Qxe2 23. Nxe2 cxd5 24. Nc3 O-O-O 25.
Bxa7 Rd7 26. Bf2 Ng4 27. Na4 Nxf2 28. Rxf2 Bxh4 29. Rf3 Bg5+ 30. Kb1 Rh4 31. Nb6+ Kd8 32. Nxd7 Kxd7 33. Rxf7+ Kc6 34. Rxg7 Bf4 35. Rg6 Kd6 36.
Re1 Be5 37. Rg5 Bf6 38. Rg6 Rf4 39. Rh1 b5 40. Rhh6 Ke5 41. Rh5+ Kd6 42. Rhh6 Ke5 43. Rh5+ Rf5 44. Rxf5+ Kxf5 45. Rg8 e5 46. Kc1 e4 47. c3 d4 48. cxd4 Bxd4 49. Kc2 Be5 50. Rb8 Bxb8 0-1

[Event "*** Titled Tuesday Blitz"]
[Site "Chess.com"]
[Date "2020.10.27"]
[Round "7"]
[White "Sankalp_Gupta2003"]
[Black "boasovietica"]
[Result "1-0"]
[WhiteElo "2713"]
[BlackElo "2498"]
[TimeControl "180+1"]
[EndTime "11:19:28 PDT"]
[Termination "Sankalp_Gupta2003 won by resignation"]

1. e4 e5 2. Nc3 Nf6 3. g3 Nc6 4. Bg2 Bc5 5. d3 a5 6. h3 d6 7.
Nge2 Be6 8. Nd5 Qd7 9. Bg5 Ng8 10. c3 h6 11. Be3 Bxe3 12. Nxe3 Nge7 13. d4 exd4 14.
cxd4 d5 15. e5 O-O 16. Nf4 Nf5 17. Nxf5 Bxf5 18. O-O Ne7 19. Kh2 Rac8 20. Nd3 Bxd3 21. Qxd3 c5 22. dxc5 Rxc5 23. Rfd1 Rfc8 24. Rd2 Qc7 25.
f4 Rc2 26. Rad1 Rxd2 27. Rxd2 Rd8 28. Re2 Nc6 29. e6 fxe6 30. Rxe6 d4 31. Re1 Kh8 32. Qf5 Qd7 33. Qg6 Ne7 34. Qf7 Nf5 35. Qg6 Ne3 36.
Be4 Kg8 37. Qh7+ Kf7 38. Bg6+ Kf6 39. Bd3 Qc7 40. Qg6+ Ke7 41. Qxg7+ Kd6 42. Qxd4+ Nd5 43.
Re5 Kc6 44. Be4 Qd6 45. f5 b5 46. Re6 1-0

[Event "*** Titled Tuesday Blitz"]
[Site "Chess.com"]
[Date "2020.10.27"]
[Round "7"]
[White "marabu44"]
[Black "Oligan22"]
[Result "1-0"]
[WhiteElo "2274"]
[BlackElo "2413"]
[TimeControl "180+1"]
[EndTime "11:19:28 PDT"]
[Termination "marabu44 won on time"]

1. Nf3 d5 2. c4 d4 3. e3 c5 4.
b4 Nc6 5. b5 Nb8 6. Bb2 dxe3 7.
dxe3 Qxd1+ 8. Kxd1 Nf6 9. Bd3 Bg4 10. Nd2 Nbd7 11. Kc2 e6 12. h3 Bh5 13. Nh4 Nb6 14.
g4 Bg6 15. Nxg6 hxg6 16. a4 a5 17. bxa6 Rxa6 18. a5 Nbd7 19. Bc3 Bd6 20. Rab1 Ra7 21. Ne4 Bc7 22. g5 Nxe4 23. Bxe4 Bxa5 24. Bxg7 Rh4 25.
f4 b6 26. Bg2 Ke7 27. Rhd1 e5 28. Rf1 f6 29. gxf6+ Nxf6 30. Rbd1 exf4 31. Rxf4 Rxf4 32. exf4 Ke6 33. Bh6 Rd7 34. Rd3 Rd6 35. Bg5 Ne8 36. Re3+ Kd7 37. Re7+ Kd8 38. Ra7+ Kc8 39. Ra8+ Kd7 40.
Rd8+ Kc7 41. Rxd6 Nxd6 42. Kd3 Nf5 43. Be4 Ng3 44. Bxg6 Kd7 45. h4 1-0

[Event "*** Titled Tuesday Blitz"]
[Site "Chess.com"]
[Date "2020.10.27"]
[Round "7"]
[White "GMBenjaminBok"]
[Black "Sychev_Klementy"]
[Result "0-1"]
[WhiteElo "2940"]
[BlackElo "2880"]
[TimeControl "180+1"]
[EndTime "11:19:30 PDT"]
[Termination "Sychev_Klementy won by resignation"]

1. d4 Nf6 2. c4 c5 3. Nf3 cxd4 4. Nxd4 e5 5. Nb5 d5 6. cxd5 Bc5 7. e3 O-O 8. N5c3 Bf5 9. Be2 Na6 10. a3 Nc7 11. b4 Be7 12. Bc4 e4 13. Bb2 Rc8 14.
h3 Re8 15. Qb3 Bg6 16. Nd2 a6 17. Rd1 b5 18. Be2 Bd6 19. Qa2 Na8 20. Nb3 Nb6 21.
Nd4 Qd7 22. Ba1 Nc4 23. Nc6 Ne5 24. O-O Nxc6 25. dxc6 Qxc6 26. Nd5 Nxd5 27. Rxd5 Bb8 28. Rfd1 Qc2 29. R5d2 Qc7 30. g3 h5 31. h4 Qe7 32.
Kg2 Rcd8 33. Rd5 Kf8 34. Qb2 f6 35. Qc2 Bf7 36. Rxd8 Rxd8 37. Rxd8+ Qxd8 38. Qxe4 Bd5 39. Bf3 Bxe4 40. Bxe4 Be5 41. Bxe5 fxe5 42. Bf3 Qd3 43. Bxh5 Qxa3 44. Bf3 Qxb4 45. h5 a5 46. g4 a4 47.
Bd5 a3 0-1

[Event "*** Titled Tuesday Blitz"]
[Site "Chess.com"]
[Date "2020.10.27"]
[Round "7"]
[White "SilviusTiberius"]
[Black "maxip32"]
[Result "0-1"]
[WhiteElo "2520"]
[BlackElo "2417"]
[TimeControl "180+1"]
[EndTime "11:19:30 PDT"]
[Termination "maxip32 won by resignation"]

1. e4 c5 2. Nf3 d6 3. d4 cxd4 4.
Nxd4 Nf6 5. Nc3 a6 6. Be3 e5 7. Nb3 Be6 8. Qd2 Be7 9. f3 O-O 10. g4 d5 11. exd5 Nxd5 12. Nxd5 Qxd5 13. O-O-O Qxd2+ 14. Rxd2 Nd7 15. Bd3 Rac8 16. Rhd1 Nc5 17.
Nxc5 Bxc5 18. Bxc5 Rxc5 19. Be4 b5 20. b4 Rc7 21.
Kb2 g6 22. Rd6 Ra7 23. Rb6 a5 24. a3 axb4 25. axb4 Bc4 26. g5 Ra4 27. Kc3 Ra3+ 28. Kb2 Ra2+ 29. Kb1 Ra4 30. c3 Ra3 31. Kb2 Ra2+ 32.
Kc1 Rxh2 33. Rd7 Rg2 34. Bd5 Bxd5 35. Rxd5 Rxg5 36. Rbxb5 h5 37. Rxe5 Rg2 38. Rbd5 Ra8 39. Kb1 h4 40. Re4 h3 41. Rh4 h2 42. Rd1 Rg1 0-1

[Event "*** Titled Tuesday Blitz"]
[Site "Chess.com"]
[Date "2020.10.27"]
[Round "7"]
[White "Smirnov_Pavel"]
[Black "Vanina1989"]
[Result "1-0"]
[WhiteElo "2855"]
[BlackElo "2634"]
[TimeControl "180+1"]
[EndTime "11:19:31 PDT"]
[Termination "Smirnov_Pavel won by resignation"]

1. d4 Nf6 2. c4 e6 3. Nf3 Bb4+ 4. Nbd2 a5 5. g3 O-O 6. Bg2 Qe7 7. O-O d6 8. a3 Bxd2 9. Bxd2 e5 10. Bc3 Nc6 11. d5 Nb8 12. b4 axb4 13. axb4 Rxa1 14.
Qxa1 b5 15. Qa7 Bg4 16. h3 Bxf3 17. Bxf3 bxc4 18. Qa2 Ne8 19. Qxc4 f5 20. Rc1 Nd7 21. Bd2 e4 22. Bg2 Nb6 23. Qc6 Qf7 24. b5 Nxd5 25. Ba5 Ne7 26. Qb7 Qd5 27. Qa6 f4 28. gxf4 Rxf4 29.
b6 cxb6 30. Qxb6 h6 31. Qd8 Kf7 32. Be1 Qg5 33. Rb1 Rf6 34. Rb8 Rg6 35. Qxe8+ Ke6 36. Qxg6+ Qxg6 37. Rb4 Nf5 38. Rxe4+ Kd7 39. Rg4 Qf6 40.
Be4 Nd4 41. Kf1 Qe5 42. f3 g5 43. h4 Kc7 44. hxg5 hxg5 45. Bg3 Qc5 46. Bd3 Qc1+ 47. Kf2 Qd2 48. Rxd4 Kc6 49. Be4+ 1-0

[Event "*** Titled Tuesday Blitz"]
[Site "Chess.com"]
[Date "2020.10.27"]
[Round "7"]
[White "blitzking1729"]
[Black "German_Bazeev"]
[Result "1-0"]
[WhiteElo "2580"]
[BlackElo "2747"]
[TimeControl "180+1"]
[EndTime "11:19:31 PDT"]
[Termination "blitzking1729 won on time"]

1. d4 Nf6 2. Bg5 c5 3. Nc3 cxd4 4. Qxd4 Nc6 5. Qh4 e6 6. O-O-O Be7 7. e4 h6 8. f4 d5 9. exd5 Nxd5 10. Nxd5 Bxg5 11. fxg5 exd5 12. Nf3 Qa5 13. Qe1+ Qxe1 14. Rxe1+ Be6 15.
Bb5 O-O-O 16. Bxc6 bxc6 17. g6 Rhf8 18. gxf7 Bxf7 19.
Ne5 Be8 20. Rhf1 Rxf1 21. Rxf1 Kc7 22. Kd2 c5 23. Rf8 Bh5 24. Rf5 Be8 25. Rf8 Bh5 26. Rxd8 Kxd8 27. Nd3 c4 28. Nf4 Bf7 29. Ke3 Kc7 30. Kd4 Kd6 31. b3 cxb3 32. cxb3 g5 33. Nd3 h5 34. g3 h4 35. Ne5 Be6 36. Nf3 hxg3 37. hxg3 g4 38. Ne5 a5 39. a3 Bc8 40.
Nf7+ Kc6 41. Ne5+ Kd6 42. b4 axb4 43. axb4 Ba6 44. Nxg4 Kc6 45. Ne3 Bc8 46. Nxd5 Kb5 47.
Kc3 1-0

[Event "*** Titled Tuesday Blitz"]
[Site "Chess.com"]
[Date "2020.10.27"]
[Round "7"]
[White "sopo-tereladze"]
[Black "GrafLermontov"]
[Result "1/2-1/2"]
[WhiteElo "2323"]
[BlackElo "2471"]
[TimeControl "180+1"]
[EndTime "11:19:31 PDT"]
[Termination "Game drawn by repetition"]

1. d4 Nf6 2. Nf3 g6 3. Bf4 Bg7 4. e3 O-O 5. Be2 d6 6. O-O Nbd7 7. h3 c5 8. c3 b6 9. a4 a6 10. Na3 Bb7 11. Bh2 Ra7 12. Nd2 Qa8 13. Bf3 e5 14. Bxb7 Qxb7 15. dxe5 Nxe5 16. Ndc4 Nxc4 17. Nxc4 d5 18.
Nd2 Qc6 19. Qf3 Rd7 20. Rfd1 Rfd8 21. Qe2 b5 22. axb5 axb5 23. Ra5 Rb7 24. Rda1 h5 25. Be5 Ne4 26. Bxg7 Kxg7 27. Ra6 Rb6 28. Rxb6 Qxb6 29.
Nxe4 dxe4 30. Rd1 c4 31. Rd4 f5 32. Qd2 Rxd4 33. Qxd4+ Qxd4 34. exd4 f4 35. h4 Kf6 36. Kf1 g5 37. g3 fxg3 38. fxg3 g4 39. Kf2 Ke6 40.
Ke2 Kf6 41. Ke3 Kf5 42. d5 Ke5 43. d6 Kxd6 44. Kxe4 Ke6 45. Kd4 Kd6 46. Ke4 Ke6 47. Kd4 Kd6 48. Ke4 1/2-1/2

[Event "*** Titled Tuesday Blitz"]
[Site "Chess.com"]
[Date "2020.10.27"]
[Round "7"]
[White "pedromartinez91"]
[Black "Zq1"]
[Result "1-0"]
[WhiteElo "2627"]
[BlackElo "2489"]
[TimeControl "180+1"]
[EndTime "11:19:33 PDT"]
[Termination "pedromartinez91 won by resignation"]

1. b3 d5 2. Bb2 c5 3. e3 Nc6 4. Nf3 Nf6 5. Bb5 Bd7 6. Bxc6 Bxc6 7. Ne5 Qc7 8. d3 Rd8 9. Nd2 e6 10. Qe2 Bd6 11. Nxc6 Qxc6 12. e4 dxe4 13. dxe4 Bf4 14. Nf3 Qxe4 15. Bxf6 Qxe2+ 16. Kxe2 gxf6 17. Rad1 Ke7 18. g3 Bc7 19. a4 a6 20. Nd2 b5 21. axb5 axb5 22. Ne4 Bb6 23. Ra1 Ra8 24. Nc3 b4 25. Na4 Ba7 26. Nb2 Bb6 27. Nc4 Bc7 28. f4 h5 29. Kf3 f5 30. Rhd1 h4 31. Rh1 hxg3 32. hxg3 Rhd8 33. Rhe1 f6 34. Rh1 Rxa1 35. Rxa1 Kd7 36.
Ra7 Re8 37. Nb6+ Kc6 38. Nc4 Re7 39. Ra6+ Kd7 40. Ra7 e5 41. Ne3 exf4 42. gxf4 Kc6 43. Nxf5 Rh7 44. Ne3 Rh3+ 45. Ke4 Rh4 46. Kd3 Rh3 47.
Ke4 Rh4 48. Nd5 f5+ 49. Kxf5 Rh5+ 50. Ke4 Rh2 51. Rxc7+ 1-0

[Event "*** Titled Tuesday Blitz"]
[Site "Chess.com"]
[Date "2020.10.27"]
[Round "7"]
[White "PotapovaM"]
[Black "JoachimMouhamad"]
[Result "0-1"]
[WhiteElo "2569"]
[BlackElo "2329"]
[TimeControl "180+1"]
[EndTime "11:19:35 PDT"]
[Termination "JoachimMouhamad won on time"]

1. d4 Nf6 2. c4 g6 3. Nc3 d5 4. cxd5 Nxd5 5. e4 Nxc3 6. bxc3 Bg7 7. Nf3 O-O 8. Be3 c5 9. Be2 b6 10. Rc1 Bb7 11. d5 Nd7 12. O-O h6 13. c4 f5 14.
exf5 gxf5 15. Qd2 Kh7 16. Bd3 Bc8 17. Rfe1 Rf7 18. Bf4 Qg8 19. Re6 Nf8 20. Re2 e6 21. Ne5 Rf6 22. d6 Nd7 23. Nc6 Qf7 24. Ne7 Bb7 25. f3 Rd8 26. Rce1 e5 27. Bg3 Kh8 28. Qc2 e4 29. fxe4 f4 30. e5 Nxe5 31. Rxe5 fxg3 32.
Ng6+ Rxg6 33. Bxg6 Qf2+ 34. Qxf2 gxf2+ 35. Kxf2 Bxe5 36. Rxe5 Rxd6 37. Re8+ Kg7 38. Bh5 Rd2+ 39. Be2 Ba6 40. Re7+ Kf6 41. Re4 Rxa2 42. Kg3 Ra3+ 43. Bf3 Rc3 44.
Rf4+ Kg7 45. Kf2 Rxc4 46. Be4 Rd4 47. Rg4+ Kf6 0-1

[Event "*** Titled Tuesday Blitz"]
[Site "Chess.com"]
[Date "2020.10.27"]
[Round "7"]
[White "Brave_spirit12"]
[Black "Blitzstream"]
[Result "0-1"]
[WhiteElo "2502"]
[BlackElo "2722"]
[TimeControl "180+1"]
[EndTime "11:19:36 PDT"]
[Termination "Blitzstream won by checkmate"]

1. e4 d5 2. exd5 Qxd5 3. Nc3 Qa5 4. d4 Nf6 5. Bc4 Bg4 6. Nf3 Nc6 7. Be3 O-O-O 8.
O-O e5 9. d5 e4 10. Qc1 exf3 11. dxc6 bxc6 12. g3 Qh5 13. Rd1 Bd6 14. Bxa7 Rhe8 15.
Ba6+ Kd7 16. Bf1 Bh3 17. Bc4 c5 18. Na4 Ke7 19. Bb5 Bd7 20. Bxd7 Nxd7 21. h4 Kf8 22. Nc3 Qg4 23. Rd2 Bf4 24. Nd5 Bxd2 25. Qxd2 Nb6 26. Bxb6 cxb6 27. c4 Qh3 28. Nf4 Qxg3+ 29. fxg3 Rxd2 30. Rf1 Rxb2 31. a4 Rb3 32. Nd5 Ra8 33.
Kh2 Rxa4 34. Kh3 Rxc4 35. Ra1 g6 36. h5 gxh5 37. Nf6 h4 38. Ra8+ Ke7 39. Ng8+ Kd7 40. Nf6+ Kc6 41. Rc8+ Kb7 42. Re8 f2 43. Nd7 f1=Q+ 44.
Kh2 hxg3# 0-1

[Event "*** Titled Tuesday Blitz"]
[Site "Chess.com"]
[Date "2020.10.27"]
[Round "7"]
[White "Oneofmyturns"]
[Black "maximnovik"]
[Result "1/2-1/2"]
[WhiteElo "2726"]
[BlackElo "2523"]
[TimeControl "180+1"]
[EndTime "11:19:37 PDT"]
[Termination "Game drawn by repetition"]

1. d4 Nf6 2. c4 g6 3. Nc3 d5 4. cxd5 Nxd5 5. e4 Nxc3 6. bxc3 Bg7 7. Be3 c5 8. Qd2 Qa5 9. Rc1 cxd4 10. cxd4 Qxd2+ 11. Kxd2 O-O 12. Bb5 f5 13. f3 Nc6 14. Ne2 fxe4 15.
fxe4 e5 16. d5 Nd4 17. Bxd4 exd4 18. Kd3 a6 19. Ba4 b5 20. Bb3 a5 21. d6+ Kh8 22. Nxd4 Rd8 23. Bd5 Ra6 24. Nc6 Rxd6 25. Nb8 Rxd5+ 26.
exd5 Bf5+ 27. Ke2 Rd6 28. Rc5 Bd4 29. Rxb5 Be4 30. Rd1 Bc3 31. g3 a4 32. Ke3 Bf5 33.
Nc6 a3 34. Na5 Kg7 35. Rb7+ Kf6 36. Nc4 Rd8 37. Nxa3 Re8+ 38. Kf3 h5 39. Kf2 Bg4 40. Rb6+ Kg5 41. Rd3 Re2+ 42. Kf1 Re1+ 43. Kf2 Re2+ 44.
Kf1 Re1+ 45. Kg2 Re2+ 46. Kg1 Re1+ 47. Kg2 Re2+ 48. Kh1 Re1+ 49. Kg2 1/2-1/2

[Event "*** Titled Tuesday Blitz"]
[Site "Chess.com"]
[Date "2020.10.27"]
[Round "7"]
[White "SARGISMV"]
[Black "kakakz"]
[Result "1-0"]
[WhiteElo "2520"]
[BlackElo "2382"]
[TimeControl "180+1"]
[EndTime "11:19:37 PDT"]
[Termination "SARGISMV won on time"]

1. Nf3 Nf6 2. b3 d5 3. Bb2 Bf5 4. e3 e6 5. c4 c6 6. Nc3 h6 7. Be2 Nbd7 8. O-O Bd6 9. h3 O-O 10. Rc1 a6 11. d4 Qe7 12. Qd2 b5 13. cxd5 cxd5 14. Bd3 Ne4 15. Bxe4 dxe4 16. Nh2 Qg5 17. Kh1 Nf6 18. d5 Rad8 19. Rfd1 exd5 20. Ne2 Be6 21.
Rc6 Qh4 22. Kg1 Bxh2+ 23. Kxh2 Ng4+ 24. Kh1 Nxf2+ 25. Kg1 Nxd1 26. Qxd1 Qg5 27. Nf4 Rc8 28. Rxa6 Ra8 29. Rxa8 Rxa8 30. a4 bxa4 31. bxa4 Rb8 32. Qd4 Ra8 33. Kh2 Kh7 34. Bc3 Bd7 35. a5 Be6 36. Qb6 d4 37. Qxd4 Ra6 38. Qxe4+ Bf5 39. Qc4 Ra8 40. Qxf7 Be4 41. Qe6 Bb7 42. Qd7 Be4 43.
Qd4 Bb7 44. Qb4 1-0

[Event "*** Titled Tuesday Blitz"]
[Site "Chess.com"]
[Date "2020.10.27"]
[Round "7"]
[White "Dream2World_Number1"]
[Black "Unknown_IM"]
[Result "1-0"]
[WhiteElo "2100"]
[BlackElo "2322"]
[TimeControl "180+1"]
[EndTime "11:19:37 PDT"]
[Termination "Dream2World_Number1 won by checkmate"]

1. e4 d6 2. d4 Nf6 3. Bd3 e5 4. c3 Nbd7 5. Nf3 Be7 6. O-O O-O 7.
Re1 c6 8. a4 a5 9. Nbd2 Qc7 10.
Nf1 Re8 11. Ng3 Bf8 12. h3 Nb6 13. Bg5 Nbd7 14. Bc4 g6 15. Qd2 Bg7 16. Bh6 Nb6 17. Bb3 Bd7 18. Qg5 Qd8 19. Bxg7 Kxg7 20. dxe5 dxe5 21.
Rad1 Qe7 22. Nf5+ Bxf5 23. exf5 Nfd7 24. Qg3 Qf6 25. Ng5 Nd5 26. Ne4 Qxf5 27. Nd6 Qe6 28.
Nxe8+ Rxe8 29. f4 e4 30. Bxd5 cxd5 31. Qe3 Nf6 32. g4 Rc8 33. Qd4 Rc4 34. Qe5 Qb6+ 35. Kh1 Kg8 36. b3 Rc6 37. g5 Nh5 38. Qd4 Qc7 39.
Qe5 Qb6 40. Rxd5 Qf2 41. Rd8# 1-0

[Event "*** Titled Tuesday Blitz"]
[Site "Chess.com"]
[Date "2020.10.27"]
[Round "7"]
[White "Skat2704"]
[Black "Aygehovit1992"]
[Result "0-1"]
[WhiteElo "2437"]
[BlackElo "2636"]
[TimeControl "180+1"]
[EndTime "11:19:38 PDT"]
[Termination "Aygehovit1992 won by resignation"]

1. d4 d6 2. c4 Nf6 3. Nf3 g6 4. Nc3 Bg7 5. e4 O-O 6. Be2 Nbd7 7. O-O e5 8. Qc2 Nh5 9. Rd1 c6 10. Bg5 f6 11. Bh4 Nf4 12. Bf1 Qe8 13. b4 h5 14. Bg3 g5 15. Bxf4 exf4 16. Re1 Qg6 17. Qd2 a5 18. b5 Kh8 19. Rab1 Rg8 20. e5 dxe5 21. dxe5 Nxe5 22. Nxe5 fxe5 23. bxc6 bxc6 24.
Bd3 Qh6 25. Ne4 g4 26. c5 Be6 27. Rb7 f3 28. Qxh6+ Bxh6 29. g3 Rg7 30. Reb1 Bf5 31. Rb8+ Rg8 32. R8b7 Rg7 33. Rb8+ Rxb8 34. Rxb8+ Kh7 35.
Nf6+ Kg6 36. Bxf5+ Kxf5 37. Nxh5 Rd7 38. h4 Rd1+ 39.
Kh2 Rd2 40. Kg1 e4 41. Rf8+ Ke5 42. Re8+ Kd4 43. Nf6 e3 44. fxe3+ Bxe3+ 45. Kh1 Rd1+ 46. Kh2 Bg1+ 47. Kh1 Be3+ 48. Kh2 Rd2+ 49. Kh1 f2 50. Kg2 f1=Q+ 51. Kxf1 Rf2+ 52. Ke1 Rxf6 53. Rd8+ Ke4 54. h5 Bf2+ 0-1

[Event "*** Titled Tuesday Blitz"]
[Site "Chess.com"]
[Date "2020.10.27"]
[Round "7"]
[White "SamuelGhimpu2003"]
[Black "mjray79"]
[Result "1-0"]
[WhiteElo "2610"]
[BlackElo "2446"]
[TimeControl "180+1"]
[EndTime "11:19:38 PDT"]
[Termination "SamuelGhimpu2003 won on time"]

1. d4 Nf6 2. c4 g6 3. Nc3 Bg7 4. e4 d6 5. f3 O-O 6. Be3 c5 7. dxc5 dxc5 8. Qxd8 Rxd8 9. Bxc5 Nc6 10. Be2 Nd7 11. Ba3 b6 12. O-O-O Bb7 13. Nh3 Rac8 14. Nd5 Kf8 15. Kb1 Nc5 16. b4 Na4 17. b5 Nd4 18.
Bxe7+ Ke8 19. Rxd4 Rxd5 20. exd5 Bxd4 21. Bb4 Kd7 22. Bd3 Nc3+ 23. Bxc3 Bxc3 24. Kc2 Bb4 25. Kb3 Bd2 26. Rd1 Ba5 27. Ng5 Ke7 28. d6+ Kd7 29.
Nxf7 a6 30. Be4 Bxe4 31. fxe4 axb5 32. cxb5 Rc3+ 33. Kb2 Rc5 34. a4 Bc3+ 35. Kb3 Bg7 36. Rd5 Rc8 37. Ne5+ Bxe5 38. Rxe5 Kxd6 39. Rd5+ Ke6 40. a5 bxa5 41. b6 Rb8 42. Rb5 Kd6 43. Ka4 Kc6 44. Kxa5 Kb7 45. Re5 Kc6 46. Re6+ Kd7 47. Rf6 Ke7 48. e5 Ra8+ 49. Kb5 Ra1 50.
b7 Rb1+ 51. Ka6 Rc1 52. b8=Q 1-0

[Event "*** Titled Tuesday Blitz"]
[Site "Chess.com"]
[Date "2020.10.27"]
[Round "7"]
[White "RobPeresian"]
[Black "davidkalashian"]
[Result "1-0"]
[WhiteElo "2442"]
[BlackElo "2560"]
[TimeControl "180+1"]
[EndTime "11:19:38 PDT"]
[Termination "RobPeresian won by resignation"]

1. Nf3 Nf6 2. c4 e6 3. Nc3 Bb4 4. g4 d5 5. e3 O-O 6. Qc2 c5 7.
Rg1 d4 8. Ne4 Nxe4 9. Qxe4 Nd7 10. g5 Re8 11. Bd3 Nf8 12. a3 Ba5 13. b4 cxb4 14. axb4 Bxb4 15. Bb2 e5 16. Nxe5 Ng6 17. Bxd4 Nxe5 18. Qxh7+ Kf8 19. Bxe5 Rxe5 20. Ke2 Qd6 21. f4 Bf5 22. Bxf5 Qxd2+ 23. Kf3 Rxe3+ 24. Kg4 Qe2+ 25. Kh4 Qxh2+ 26. Kg4 Qxh7 27. Bxh7 g6 28. f5 Kg7 29. Rh1 Bd6 30. f6+ Kf8 31. Bxg6 Rg3+ 32. Kf5 Rf3+ 33.
Kg4 Rg3+ 34. Kh5 Bf4 35. Rag1 Rxg1 36. Rxg1 fxg6+ 37. Kxg6 Rc8 38. Rh1 Ke8 39. Rh8+ Kd7 40. Rxc8 Kxc8 41. f7 Bd6 42. Kh7 a5 43. g6 a4 44. g7 a3 45. g8=Q+ Kc7 46. f8=Q Kc6 47. Qxd6+ Kxd6 48. Qf8+ 1-0

[Event "*** Titled Tuesday Blitz"]
[Site "Chess.com"]
[Date "2020.10.27"]
[Round "7"]
[White "Sueetin"]
[Black "Bwert2602"]
[Result "0-1"]
[WhiteElo "2304"]
[BlackElo "2220"]
[TimeControl "180+1"]
[EndTime "11:19:40 PDT"]
[Termination "Bwert2602 won by checkmate"]

1. d4 e6 2. c4 Nf6 3. Nc3 Bb4 4.
Qc2 O-O 5. a3 Bxc3+ 6. Qxc3 c5 7.
dxc5 a5 8. Bg5 Na6 9. Bxf6 gxf6 10. h4 Nxc5 11. h5 Ne4 12. Qd4 f5 13. h6 Qf6 14.
Qxf6 Nxf6 15. e3 b6 16. f3 Bb7 17. Ne2 d5 18. Nc3 Rfd8 19. O-O-O Rac8 20. Rh4 Kf8 21. Rhd4 Ke7 22. Kb1 dxc4 23. Bxc4 Rxd4 24. Rxd4 Rg8 25. Rd2 Rg6 26. Na4 Nd5 27. Bxd5 Bxd5 28. Nxb6 Bb3 29.
Re2 e5 30. Nc8+ Kd7 31. Na7 Rb6 32. a4 Kc7 33. Nb5+ Kc6 34. Rd2 Bxa4 35. Nc3 Bb3 36. Rd8 a4 37. Rc8+ Kb7 38. Re8 Rxh6 39. Re7+ Kc6 40.
Kc1 Kd6 41. Ra7 Rh2 42. Nb5+ Ke6 43. Ra6+ Kd5 44. Nc3+ Kc4 45. Rc6+ Kd3 46. Rd6+ Kxe3 47. Nb5 Rh1+ 48. Rd1 Rxd1# 0-1

[Event "*** Titled Tuesday Blitz"]
[Site "Chess.com"]
[Date "2020.10.27"]
[Round "7"]
[White "nitpicker"]
[Black "MIJuanReyesRosa"]
[Result "0-1"]
[WhiteElo "2248"]
[BlackElo "2089"]
[TimeControl "180+1"]
[EndTime "11:19:40 PDT"]
[Termination "MIJuanReyesRosa won on time"]

1. d4 g6 2. e4 c6 3. Nc3 d5 4. h3 Bg7 5. Nf3 dxe4 6. Nxe4 Nd7 7. c3 Ngf6 8. Nxf6+ Nxf6 9. Bg5 O-O 10. Bd3 Be6 11. Qd2 Re8 12. O-O Bd5 13. Qe2 Bxf3 14.
Qxf3 Qa5 15. Bd2 Qb6 16. b4 a5 17. a3 Rad8 18. Bc4 Nd5 19. Rfe1 Qc7 20. Bg5 Rd7 21. Bh4 e6 22. Bg3 Qb6 23. Rab1 axb4 24. axb4 Ra8 25. Rb3 Rdd8 26. h4 h5 27. Be5 Bxe5 28.
dxe5 Qc7 29. g4 hxg4 30. Qxg4 Qe7 31. Kg2 Kg7 32. Rh1 Rh8 33. h5 g5 34. h6+ Kf8 35.
Bxd5 cxd5 36. h7 Ra2 37. Rh5 f6 38. c4 fxe5 39. Rf3+ Ke8 40. Rxg5 Rxh7 41. Rg8+ Kd7 42.
Rff8 e4 43. Re8 Qxe8 44. Rxe8 Kxe8 45. Qg6+ Rf7 46. Qxe6+ Kf8 47. Qc8+ Kg7 48. Qg4+ Kf8 0-1

[Event "*** Titled Tuesday Blitz"]
[Site "Chess.com"]
[Date "2020.10.27"]
[Round "7"]
[White "ChessQueen"]
[Black "vugarrasulov"]
[Result "0-1"]
[WhiteElo "2740"]
[BlackElo "2872"]
[TimeControl "180+1"]
[EndTime "11:19:41 PDT"]
[Termination "vugarrasulov won by resignation"]

1. e4 c5 2. c3 Nf6 3. e5 Nd5 4. Nf3 e6 5. d4 cxd4 6. cxd4 d6 7.
Bc4 Nc6 8. O-O Nb6 9. Bd3 Nb4 10. Be4 d5 11. Bd3 Nxd3 12. Qxd3 Bd7 13. Nc3 Be7 14. Ne2 a6 15. Re1 g5 16. b3 h5 17. a4 Rc8 18. Rd1 Na8 19. Bd2 g4 20. Ne1 Bg5 21. Bb4 a5 22. Bc3 b6 23. Nc2 Nc7 24. Ne3 Ra8 25. Rac1 Na6 26. Rc2 Qe7 27. Rdc1 Kf8 28. Qd2 Kg7 29. Kh1 Rac8 30. f4 gxf3 31. gxf3 Nb4 32. Rb2 Rhg8 33. f4 Bh6 34. Ng3 Qh4 35.
Qe2 Kh7 36. Ng2 Qg4 37. Qxg4 hxg4 38. Nh5 Nd3 39. Nf6+ Kg7 40. Rbc2 Nxc1 41. Rxc1 Rgd8 42. Nxg4 b5 43. axb5 Bxb5 44. Kg1 Be2 45. Nxh6 Kxh6 46. Kf2 Bd3 47. Ke3 Be4 48. Ne1 Rg8 49. Kd2 Rg1 50.
Ra1 Rh1 51. h4 Rh2+ 0-1

[Event "*** Titled Tuesday Blitz"]
[Site "Chess.com"]
[Date "2020.10.27"]
[Round "7"]
[White "wannabe2700"]
[Black "Guenplen"]
[Result "0-1"]
[WhiteElo "2740"]
[BlackElo "2847"]
[TimeControl "180+1"]
[EndTime "11:19:41 PDT"]
[Termination "Guenplen won on time"]

1. d4 d5 2. c4 e6 3. Nc3 a6 4. cxd5 exd5 5. Nf3 Nf6 6. Bf4 c5 7. dxc5 Bxc5 8. e3 Nc6 9. Be2 O-O 10. O-O d4 11. exd4 Nxd4 12. Nxd4 Qxd4 13. Qxd4 Bxd4 14. Rac1 Bg4 15. Bxg4 Nxg4 16. h3 Nf6 17. Rfd1 Bxc3 18.
Rxc3 Rac8 19. Be5 Rxc3 20. Bxc3 Ne4 21. Ba5 f6 22. f3 Ng5 23. Bb4 Rc8 24. Rd7 Rc1+ 25.
Kh2 Rc2 26. Bc3 Nxf3+ 27. Kg3 Ng5 28. Rxb7 Ne4+ 29. Kh2 Nxc3 30. bxc3 Rxc3 31. Rb8+ Kf7 32. Rb7+ Kg6 33. Rb6 Ra3 34. Rb2 h5 35. Kg1 h4 36.
Kf2 Kf5 37. Ke2 g5 38. Kf2 a5 39. Ke2 Kf4 40. Kf2 f5 41. Re2 Rc3 42. Rb2 Rc4 43. Kg1 a4 44. a3 g4 45. hxg4 fxg4 46. Kh2 Ke3 47. Rb5 Kd3 48. Rh5 Kc3 49. Rb5 Kc2 50. Rb7 Rd4 51. Rb8 Rd2 0-1